 Dungeon Crawl Stone Soup version 0.29.0-4-gdea44cf6ec (webtiles) character file.

Game seed: 8518423654101415313

37902 qw the Severer (level 13, -11/126 HPs)
             Began as a Minotaur Berserker on Sept 9, 2022.
             Was an Elder of Trog.
             Mangled by a dire elephant (16 damage)
             ... on level 5 of the Lair of Beasts.
             The game lasted 00:04:55 (14995 turns).

qw the Severer (Minotaur Berserker)                Turns: 14995, Time: 00:04:55

Health: -11/126    AC: 26    Str: 25    XL:     13   Next: 60%
Magic:  12/12      EV: 13    Int:  4    God:    Trog [****..]
Gold:   498        SH: 11    Dex: 12    Spells: 12/12 levels left

rFire   . . .      SeeInvis .   Y - +3 war axe (freeze)
rCold   + . .      Faith    .   q - +0 buckler
rNeg    + . .      Spirit   .   r - +1 pearl dragon scales
rPois   .          Reflect  +   (helmet restricted)
rElec   .          Harm     .   l - +0 cloak
rCorr   +          Rampage  .   m - +2 pair of gloves
Will    .....                   n - +3 pair of mountain boots {steadfast, rC+}
Stlth   ..........              b - amulet of reflection
HPRegen 0.31/turn               f - ring of resist corrosion
MPRegen 0.13/turn               (no ring)

@: about to teleport, on berserk cooldown, slowed, very slow
A: horns 2, retaliatory headbutt
a: Renounce Religion, Berserk, Trog's Hand, Brothers in Arms


You were on level 5 of the Lair of Beasts.
You worshipped Trog.
Trog was greatly pleased with you.
You visited 2 branches of the dungeon, and saw 13 of its levels.

You collected 794 gold pieces.
You spent 296 gold pieces at shops.


Innate Abilities, Weirdness & Mutations

You have a pair of horns on your head.
You reflexively headbutt those who attack you in melee.


   Skills:
 - Level 15.0 Fighting
 - Level 16.0 Axes
 - Level 3.1 Throwing
 - Level 13.0 Armour
 - Level 8.1 Dodging
 + Level 9.7 Shields


You had 12 spell levels left.
You didn't know any spells.
Your spell library was empty.

Inventory:

Hand Weapons
 i - a +5 morningstar
 Y - a +3 war axe of freezing (weapon)
Armour
 l - a +0 cloak (worn)
 m - a +2 pair of gloves (worn)
 n - the +3 pair of mountain boots (worn) {steadfast, rC+}
   (You acquired it on level 5 of the Dungeon)

   It prevents involuntary movement, except for blinking, teleportation, or
   banishment.
   rC:        It protects you from cold.
 q - a +0 buckler (worn)
 r - +1 pearl dragon scales (worn)
Jewellery
 a - a ring of ice
 b - an amulet of reflection (around neck)
 f - a ring of resist corrosion (left hand)
Scrolls
 g - 2 scrolls of identify
Potions
 e - a potion of haste
 j - 7 potions of curing
 o - a potion of resistance

Dungeon Overview and Level Annotations

Branches:
Dungeon (8/15)             Temple (0/1) D:5            Lair (5/5) D:8
  Swamp (0/4) Lair:2        Snake (0/4) Lair:3        Slime (0/5) Lair:4

Altars:
Dithmenos
Gozag
Qazlal
Ru
Jiyva

Shops:
D:8 *

Annotations:
D:4 1 runed translucent door, Crazy Yiuf


Message History

The dire elephant trumpets!
The catoblepas gores you!
The dire elephant moves out of view.
You see here a death yak corpse.
You hit the catoblepas. You freeze the catoblepas.
The catoblepas is moderately wounded.
The catoblepas breathes a plume of calcifying dust at you.
The blast of calcifying dust hits you but does no damage.
14990 ||| Stepping ~*~*~tactically~*~*~ (cloud).
The catoblepas gores you! You block the catoblepas's attack.
You slash the catoblepas! You freeze the catoblepas.
The catoblepas is heavily wounded.
The catoblepas gores you!
You slice the catoblepas!! You freeze the catoblepas.
You headbutt the catoblepas, but do no damage.
The catoblepas is severely wounded.
The catoblepas gores you but does no damage.
You hit the catoblepas but do no damage.
The catoblepas is severely wounded.
You hit the dire elephant but do no damage.
You hit the deep troll shaman. You freeze the deep troll shaman.
The deep troll shaman misses you.
You block the deep troll shaman's attack. x2
The catoblepas breathes a plume of calcifying dust at you.
The blast of calcifying dust hits you. The dire elephant barely misses you.
The dire elephant trunk-slaps you.
14994 ||| READING scroll of teleportation.
As you read the scroll of teleportation, it crumbles to dust.
You feel strangely unstable.
You are engulfed in calcifying dust.
The deep troll shaman bites you but does no damage.
The deep troll shaman claws you but does no damage.
The deep troll shaman claws you! The catoblepas gores you.
The dire elephant barely misses you. x2
14995 ||| Stepping ~*~*~tactically~*~*~ (cloud).
The deep troll shaman attacks as you move away!
The deep troll shaman bites you. The deep troll shaman misses you.
You block the deep troll shaman's attack.
The catoblepas closely misses you. You furiously retaliate!
You headbutt the catoblepas. The dire elephant tramples you!
You die...

###### ##..P.#######
######...........##
###..##..P.P.....%.P#
#..7%...#######......
#..@Y###... ###....
#P.TY%..... ###.P
##ยค.%.....# ###
#.#.....## #
#.##....# #. #....#
#. .%... #. #.8.. #.
...8


You could see a dire elephant, a catoblepas and a deep troll shaman.

Vanquished Creatures
  Josephine (Lair:3)
  2 hydras
  A catoblepas (Lair:2)
  12 death yaks
  Pikel (D:8)
  9 elephants
  9 black mambas
  A torpor snail (Lair:3)
  5 rime drakes
  11 cane toads
  2 komodo dragons
  Prince Ribbit (D:8)
  3 polar bears
  18 blink frogs
  A spriggan (Lair:3)
  3 wyverns
  3 wraiths (Lair:3)
  28 yaks
  2 steam dragons
  6 basilisks
  A swamp worm (Lair:2)
  16 water moccasins
  Duvessa (D:6)
  5 black bears
  An ice beast (D:7)
  2 sky beasts
  2 orc warriors
  2 ogres
  6 wolves (Lair:1)
  4 centaurs
  2 phantoms (D:5)
  6 bullfrogs
  A gnoll sergeant (D:6)
  2 necrophages
  14 wights
  Dowan (D:6)
  2 electric eels
  3 howler monkeys (D:8)
  5 hounds
  A gnoll bouda (D:6)
  Terence (D:2)
  2 iguanas
  9 orc wizards
  Robin (D:2)
  11 gnolls
  7 adders
  A white imp (D:5)
  2 ufetubi (D:6)
  2 dart slugs (D:1)
  17 orcs
  3 endoplasms
  2 giant cockroaches
  11 hobgoblins
  2 jackals (D:3)
  3 quokkas
  6 ball pythons
  5 bats
  4 frilled lizards
  14 goblins
  7 kobolds
  7 rats
  2 bushes (Lair:3)
315 creatures vanquished.

Vanquished Creatures (collateral kills)
  A hydra (Lair:2)
1 creature vanquished.

Vanquished Creatures (others)
  22 fungi
  61 plants
83 creatures vanquished.

Grand Total: 399 creatures vanquished

Notes
Turn   | Place    | Note
-------+----------+-------------------------------------------
     0 | D:1      | qw the Minotaur Berserker began the quest for the Orb.
     0 | D:1      | Reached XP level 1. HP: 19/19 MP: 0/0
     0 | D:1      | 0 ||| qw: Version: 0.1-a-113-g051387a
     0 | D:1      | 0 ||| qw: Game counter: 7346
     0 | D:1      | 0 ||| qw: Always use a shield: true
     0 | D:1      | 0 ||| qw: Do Orc after D:15 true
     0 | D:1      | 0 ||| qw: Do second Lair branch before Depths: true
     0 | D:1      | 0 ||| qw: Lair rune preference: random
     0 | D:1      | 0 ||| qw: Plans: Normal
     0 | D:1      | 0 ||| PLANNING D:1-11
    71 | D:1      | 71 ||| Stepping ~*~*~tactically~*~*~ (hiding).
   151 | D:1      | Reached skill level 4 in Axes
   264 | D:1      | Reached XP level 2. HP: 23/26 MP: 1/1
   624 | D:1      | 624 ||| Stepping ~*~*~tactically~*~*~ (hiding).
   752 | D:1      | Found a faded altar of an unknown god.
   802 | D:1      | 802 ||| UPGRADING to +0 leather armour.
   812 | D:1      | 812 ||| DROPPING +0 animal skin.
   813 | D:1      | 813 ||| READING scroll labelled DON KEBREAWIM ZAQ.
   814 | D:1      | 814 ||| READING scroll labelled FEUCYIPS LAWI.
   815 | D:1      | 815 ||| READING scroll labelled MUOLUT MOUVIZ.
   819 | D:1      | 819 ||| DRINKING 2 fizzy golden potions.
   820 | D:1      | 820 ||| DRINKING 3 fizzy red potions.
   840 | D:2      | 840 ||| INVOKING Berserk.
   842 | D:2      | Reached skill level 5 in Axes
   842 | D:2      | 842 ||| STAIRDANCE
   845 | D:1      | HP: 6/26 [poisoned by an adder]
   848 | D:1      | HP: 2/26 [poisoned by an adder]
  1148 | D:2      | Identified the +1 robe of Valiance {rF+ rN+ Will+ rCorr}
  1162 | D:2      | Noticed Terence
  1164 | D:2      | Reached XP level 3. HP: 30/31 MP: 2/2
  1165 | D:2      | 1165 ||| INVOKING Berserk.
  1174 | D:2      | Killed Terence
  1405 | D:2      | Noticed Robin
  1418 | D:2      | Reached XP level 4. HP: 25/39 MP: 3/3
  1419 | D:2      | 1419 ||| INVOKING Berserk.
  1421 | D:2      | Reached skill level 6 in Axes
  1429 | D:2      | Killed Robin
  1601 | D:2      | 1601 ||| DROPPING +0 club.
  1909 | D:2      | Reached ** piety under Trog
  2082 | D:2      | 2082 ||| UPGRADING to +1 robe of Valiance {rF+ rN+ Will+
                  | rCorr}.
  2092 | D:2      | 2092 ||| UPGRADING to +0 chain mail.
  2102 | D:2      | 2102 ||| DROPPING +1 robe of Valiance {rF+ rN+ Will+
                  | rCorr}.
  2103 | D:2      | 2103 ||| DROPPING +0 leather armour.
  2104 | D:2      | 2104 ||| READING scroll labelled YMORCH ONALUO.
  2105 | D:2      | 2105 ||| READING scroll labelled YTOZUBRAPSO.
  2106 | D:2      | 2106 ||| READING scroll labelled PAONEO OFERUOS.
  2107 | D:2      | 2107 ||| READING scroll labelled VANAEG BIBE.
  2462 | D:3      | Reached skill level 1 in Throwing
  2619 | D:3      | 2619 ||| Stepping ~*~*~tactically~*~*~ (hiding).
  2620 | D:3      | 2620 ||| Stepping ~*~*~tactically~*~*~ (hiding).
  2670 | D:3      | Found a shadowy altar of Dithmenos.
  2712 | D:3      | Reached XP level 5. HP: 45/45 MP: 4/4
  2894 | D:3      | 2894 ||| DROPPING +0 mace of protection.
  3073 | D:3      | 3073 ||| UPGRADING to +0 pair of boots.
  3078 | D:3      | 3078 ||| UPGRADING to +0 pair of gloves.
  3083 | D:3      | 3083 ||| UPGRADING to amulet of regeneration.
  3088 | D:3      | 3088 ||| READING scroll labelled XAMOUH BELOFU.
  3089 | D:3      | 3089 ||| DRINKING 2 metallic silvery potions.
  3194 | D:3      | 3194 ||| READING 2 scrolls of identify.
  3194 | D:3      | 3194 ||| IDENTIFYING emerald potion
  3195 | D:3      | 3195 ||| DROPPING potion of berserk rage.
  3196 | D:3      | 3196 ||| DROPPING potion of brilliance.
  3245 | D:4      | Found a sacrificial altar of Ru.
  3318 | D:4      | Identified the +9 whip of Breach {vorpal, rPois Will- SInv
                  | Stlth+}
  3498 | D:4      | 3498 ||| FLEEEEING.
  3506 | D:4      | 3506 ||| INVOKING Berserk.
  3509 | D:4      | Reached skill level 7 in Axes
  3702 | D:4      | 3702 ||| Stepping ~*~*~tactically~*~*~ (stealth).
  3711 | D:4      | 3711 ||| Stepping ~*~*~tactically~*~*~ (stealth).
  3726 | D:4      | 3726 ||| Stepping ~*~*~tactically~*~*~ (stealth).
  3965 | D:4      | Found a runed translucent door.
  3966 | D:4      | Noticed Crazy Yiuf
  4134 | D:4      | 4134 ||| READING scroll labelled EFYVYEPPIR.
  4135 | D:4      | 4135 ||| READING scroll labelled VIMAWA HAZO.
  4136 | D:4      | 4136 ||| DRINKING 2 viscous clear potions.
  4185 | D:4      | 4185 ||| READING 2 scrolls of identify.
  4185 | D:4      | 4185 ||| IDENTIFYING viscous sapphire potion
  4186 | D:4      | 4186 ||| DROPPING potion of degeneration.
  4187 | D:4      | 4187 ||| DROPPING potion of lignification.
  4227 | D:5      | Entered Level 5 of the Dungeon
  4271 | D:5      | Reached XP level 6. HP: 52/52 MP: 5/5
  4279 | D:5      | Reached skill level 8 in Axes
  4284 | D:5      | Reached skill level 3 in Armour
  4308 | D:5      | 4308 ||| DROPPING +0 flail.
  4369 | D:5      | 4369 ||| INVOKING Berserk.
  4371 | D:5      | Reached skill level 9 in Axes
  4371 | D:5      | Reached XP level 7. HP: 59/59 MP: 6/6
  4499 | D:5      | Found the +8 trident of the Octopus King {venom, rElec
                  | rPois}
  4809 | D:5      | Reached skill level 10 in Axes
  5027 | D:5      | Found a staircase to the Ecumenical Temple.
  5034 | D:5      | 5034 ||| INVOKING Berserk.
  5190 | D:5      | 5190 ||| UPGRADING to +0 cloak.
  5195 | D:5      | 5195 ||| DROPPING amulet of magic regeneration.
  5196 | D:5      | 5196 ||| READING scroll labelled NEUGAR QOSKINU.
  5297 | D:5      | 5297 ||| READING scroll labelled JOREOH JAXAE.
  5297 | D:5      | Identified a scroll of acquirement
  5297 | D:5      | 5297 ||| ACQUIRING +3 pair of mountain boots {steadfast,
                  | rC+}
  5297 | D:5      | Acquired the +3 pair of mountain boots {steadfast, rC+}
  5297 | D:5      | Found the +3 pair of mountain boots {steadfast, rC+}
  5299 | D:5      | 5299 ||| UPGRADING to +3 pair of mountain boots {steadfast,
                  | rC+}.
  5309 | D:5      | 5309 ||| DROPPING +0 pair of boots.
  5321 | D:6      | Reached XP level 8. HP: 60/68 MP: 7/7
  5321 | D:6      | 5321 ||| STAIRDANCE
  5358 | D:6      | 5358 ||| INVOKING Berserk.
  5464 | D:6      | 5464 ||| Stepping ~*~*~tactically~*~*~ (hiding).
  5473 | D:6      | Reached skill level 6 in Fighting
  5553 | D:6      | 5553 ||| Stepping ~*~*~tactically~*~*~ (stealth).
  5555 | D:6      | 5555 ||| Stepping ~*~*~tactically~*~*~ (hiding).
  5567 | D:6      | 5567 ||| Stepping ~*~*~tactically~*~*~ (hiding).
  5576 | D:6      | 5576 ||| Stepping ~*~*~tactically~*~*~ (hiding).
  5636 | D:6      | 5636 ||| Stepping ~*~*~tactically~*~*~ (hiding).
  5698 | D:6      | 5698 ||| Stepping ~*~*~tactically~*~*~ (stealth).
  5715 | D:6      | Reached skill level 11 in Axes
  5729 | D:6      | 5729 ||| INVOKING Berserk.
  5746 | D:6      | Reached *** piety under Trog
  5911 | D:6      | 5911 ||| Stepping ~*~*~tactically~*~*~ (stealth).
  5922 | D:6      | 5922 ||| Stepping ~*~*~tactically~*~*~ (stealth).
  6059 | D:6      | Noticed Duvessa
  6059 | D:6      | Noticed Dowan
  6060 | D:6      | 6060 ||| Stepping ~*~*~tactically~*~*~ (hiding).
  6065 | D:6      | 6065 ||| INVOKING Berserk.
  6069 | D:6      | Killed Dowan
  6076 | D:6      | Killed Duvessa
  6077 | D:6      | Reached skill level 12 in Axes
  6462 | D:6      | 6462 ||| UPGRADING to +0 buckler.
  6467 | D:6      | 6467 ||| READING scroll labelled HELEATZUNAU.
  6468 | D:6      | 6468 ||| DRINKING 3 glowing orange potions.
  6469 | D:6      | 6469 ||| READING 4 scrolls of identify.
  6469 | D:6      | 6469 ||| IDENTIFYING bubbling black potion
  6470 | D:6      | 6470 ||| READING 3 scrolls of identify.
  6470 | D:6      | 6470 ||| IDENTIFYING ruby potion
  6471 | D:6      | 6471 ||| READING 2 scrolls of identify.
  6471 | D:6      | 6471 ||| IDENTIFYING lumpy yellow potion
  6472 | D:6      | 6472 ||| DROPPING potion of flight.
  6473 | D:6      | 6473 ||| DROPPING 2 potions of invisibility.
  6523 | D:7      | Identified the +7 dagger of Quick Death {freeze, rCorr}
  6527 | D:7      | 6527 ||| Stepping ~*~*~tactically~*~*~ (cloud).
  6529 | D:7      | 6529 ||| INVOKING Berserk.
  6533 | D:7      | Reached XP level 9. HP: 77/77 MP: 8/8
  6542 | D:7      | Reached skill level 3 in Shields
  6554 | D:7      | HP: 16/78 [orc warrior/+0 short sword (10)]
  6555 | D:7      | 6555 ||| READING 3 scrolls of teleportation.
  6556 | D:7      | 6556 ||| DRINKING potion of heal wounds.
  6597 | D:7      | Found a stormy altar of Qazlal.
  6677 | D:7      | 6677 ||| DROPPING +1 flail of freezing.
  6678 | D:7      | 6678 ||| DROPPING +9 whip of Breach {vorpal, rPois Will-
                  | SInv Stlth+}.
  6719 | D:7      | Found an opulent altar of Gozag.
  7004 | D:8      | 7004 ||| Stepping ~*~*~tactically~*~*~ (stealth).
  7020 | D:8      | 7020 ||| Stepping ~*~*~tactically~*~*~ (stealth).
  7031 | D:8      | 7031 ||| Stepping ~*~*~tactically~*~*~ (stealth).
  7048 | D:8      | Reached skill level 13 in Axes
  7050 | D:8      | 7050 ||| SWAPPING to +3 war axe of freezing.
  7051 | D:8      | 7051 ||| DROPPING +0 morningstar.
  7052 | D:8      | 7052 ||| DROPPING +1 hand axe.
  7052 | D:8      | Noticed Pikel
  7054 | D:8      | 7054 ||| Stepping ~*~*~tactically~*~*~ (stealth).
  7058 | D:8      | 7058 ||| INVOKING Berserk.
  7061 | D:8      | Killed Pikel
  7130 | D:8      | Noticed Prince Ribbit
  7131 | D:8      | 7131 ||| Stepping ~*~*~tactically~*~*~ (stealth).
  7139 | D:8      | 7139 ||| INVOKING Berserk.
  7143 | D:8      | Killed Prince Ribbit
  7349 | D:8      | 7349 ||| Stepping ~*~*~tactically~*~*~ (stealth).
  7350 | D:8      | 7350 ||| Stepping ~*~*~tactically~*~*~ (stealth).
  7356 | D:8      | 7356 ||| INVOKING Berserk.
  7361 | D:8      | Reached XP level 10. HP: 88/88 MP: 9/9
  7368 | D:8      | Reached skill level 3 in Dodging
  7369 | D:8      | Found a staircase to the Lair.
  7557 | D:8      | Found Riuntuot's General Store.
  7576 | D:8      | 7576 ||| FLEEEEING.
  7578 | D:8      | 7578 ||| FLEEEEING.
  7580 | D:8      | 7580 ||| FLEEEEING.
  7582 | D:8      | 7582 ||| FLEEEEING.
  7583 | D:8      | 7583 ||| INVOKING Berserk.
  7741 | D:8      | 7741 ||| BUYING potion of heal wounds (80 gold).
  7741 | D:8      | Bought a potion of heal wounds for 80 gold pieces
  7741 | D:8      | 7741 ||| BUYING scroll of enchant armour (120 gold).
  7741 | D:8      | Bought a scroll of enchant armour for 120 gold pieces
  7741 | D:8      | 7741 ||| BUYING scroll of teleportation (48 gold).
  7741 | D:8      | Bought a scroll of teleportation for 48 gold pieces
  7741 | D:8      | 7741 ||| BUYING scroll of teleportation (48 gold).
  7741 | D:8      | Bought a scroll of teleportation for 48 gold pieces
  7741 | D:8      | 7741 ||| READING scroll of enchant armour.
  7741 | D:8      | 7741 ||| ENCHANTING +0 pair of gloves.
  7810 | D:8      | 7810 ||| INVOKING Berserk.
  7817 | D:8      | Reached skill level 3 in Throwing
  7969 | D:8      | 7969 ||| Stepping ~*~*~tactically~*~*~ (stealth).
  8159 | D:8      | 8159 ||| DRINKING 5 potions of curing.
  8159 | D:8      | 8159 ||| (to cure confusion)
  8292 | D:8      | 8292 ||| PLANNING LAIR
  8292 | D:8      | 8292 ||| DROPPING +1 pair of boots.
  8293 | D:8      | 8293 ||| UPGRADING to +0 plate armour.
  8303 | D:8      | 8303 ||| DROPPING +0 chain mail.
  8304 | D:8      | 8304 ||| READING 2 scrolls of identify.
  8304 | D:8      | 8304 ||| IDENTIFYING puce potion
  8305 | D:8      | 8305 ||| DROPPING potion of attraction.
  8350 | Lair:1   | Entered Level 1 of the Lair of Beasts
  8350 | Lair:1   | Noticed a cane toad
  8351 | Lair:1   | Noticed a cane toad
  8352 | Lair:1   | 8352 ||| Stepping ~*~*~tactically~*~*~ (stealth).
  8354 | Lair:1   | 8354 ||| Stepping ~*~*~tactically~*~*~ (stealth).
  8355 | Lair:1   | 8355 ||| Stepping ~*~*~tactically~*~*~ (stealth).
  8356 | Lair:1   | 8356 ||| INVOKING Berserk.
  8363 | Lair:1   | Killed a cane toad
  8382 | Lair:1   | Reached skill level 14 in Axes
  8384 | Lair:1   | Reached **** piety under Trog
  8386 | Lair:1   | Killed a cane toad
  8436 | Lair:1   | 8436 ||| Stepping ~*~*~tactically~*~*~ (stealth).
  8438 | Lair:1   | 8438 ||| Stepping ~*~*~tactically~*~*~ (stealth).
  8440 | Lair:1   | 8440 ||| Stepping ~*~*~tactically~*~*~ (stealth).
  8441 | Lair:1   | 8441 ||| Stepping ~*~*~tactically~*~*~ (stealth).
  8442 | Lair:1   | 8442 ||| Stepping ~*~*~tactically~*~*~ (stealth).
  8512 | Lair:1   | Reached skill level 15 in Axes
  8513 | Lair:1   | 8513 ||| INVOKING Berserk.
  8523 | Lair:1   | Reached skill level 9 in Fighting
  8684 | Lair:1   | Reached XP level 11. HP: 97/97 MP: 10/10
  8690 | Lair:1   | Noticed an eight-headed hydra
  8691 | Lair:1   | 8691 ||| INVOKING Brothers in Arms.
  8692 | Lair:1   | 8692 ||| INVOKING Berserk.
  8702 | Lair:1   | Killed a 14-headed hydra
  8876 | Lair:1   | 8876 ||| Stepping ~*~*~tactically~*~*~ (stealth).
  8903 | Lair:1   | 8903 ||| Stepping ~*~*~tactically~*~*~ (hiding).
  8904 | Lair:1   | 8904 ||| Stepping ~*~*~tactically~*~*~ (hiding).
  8905 | Lair:1   | 8905 ||| Stepping ~*~*~tactically~*~*~ (hiding).
  8906 | Lair:1   | 8906 ||| Stepping ~*~*~tactically~*~*~ (hiding).
  8907 | Lair:1   | 8907 ||| Stepping ~*~*~tactically~*~*~ (hiding).
  8909 | Lair:1   | 8909 ||| INVOKING Berserk.
  8911 | Lair:1   | Reached skill level 16 in Axes
  8915 | Lair:1   | Reached skill level 9 in Armour
  8928 | Lair:1   | Reached skill level 6 in Shields
  9069 | Lair:1   | 9069 ||| INVOKING Berserk.
  9253 | Lair:1   | 9253 ||| INVOKING Berserk.
  9796 | Lair:1   | 9796 ||| UPGRADING to amulet of reflection.
  9806 | Lair:1   | 9806 ||| DROPPING amulet of regeneration.
  9807 | Lair:1   | 9807 ||| UPGRADING to ring of resist corrosion.
  9831 | Lair:2   | 9831 ||| INVOKING Berserk.
  9961 | Lair:2   | 9961 ||| Stepping ~*~*~tactically~*~*~ (stealth).
  9984 | Lair:2   | Noticed a catoblepas
  9985 | Lair:2   | 9985 ||| FLEEEEING.
  9986 | Lair:2   | 9986 ||| FLEEEEING.
  9987 | Lair:2   | 9987 ||| FLEEEEING.
  9988 | Lair:2   | 9988 ||| FLEEEEING.
  9989 | Lair:2   | 9989 ||| FLEEEEING.
  9990 | Lair:2   | 9990 ||| Stepping ~*~*~tactically~*~*~ (cloud).
  9991 | Lair:2   | 9991 ||| FLEEEEING.
  9992 | Lair:2   | 9992 ||| FLEEEEING.
  9993 | Lair:2   | 9993 ||| FLEEEEING.
  9994 | Lair:2   | 9994 ||| FLEEEEING.
  9995 | Lair:2   | 9995 ||| FLEEEEING.
  9996 | Lair:2   | 9996 ||| FLEEEEING.
  9997 | Lair:2   | 9997 ||| FLEEEEING.
  9998 | Lair:2   | 9998 ||| FLEEEEING.
 10003 | Lair:2   | 10003 ||| FLEEEEING.
 10007 | Lair:2   | 10007 ||| FLEEEEING.
 10008 | Lair:2   | 10008 ||| STAIRDANCE
 10114 | Lair:2   | 10114 ||| Stepping ~*~*~tactically~*~*~ (cloud).
 10115 | Lair:2   | 10115 ||| INVOKING Berserk.
 10118 | Lair:2   | Killed a catoblepas
 10166 | Lair:2   | 10166 ||| INVOKING Berserk.
 10272 | Lair:2   | 10272 ||| Stepping ~*~*~tactically~*~*~ (stealth).
 10278 | Lair:2   | 10278 ||| INVOKING Berserk.
 10429 | Lair:2   | Noticed a four-headed hydra
 10430 | Lair:2   | 10430 ||| INVOKING Brothers in Arms.
 10432 | Lair:2   | 10432 ||| SWAPPING to +5 morningstar.
 10434 | Lair:2   | 10434 ||| INVOKING Berserk.
 10436 | Lair:2   | Killed a four-headed hydra
 10438 | Lair:2   | Noticed a four-headed hydra
 10442 | Lair:2   | Killed a four-headed hydra
 10443 | Lair:2   | 10443 ||| SWAPPING to +3 war axe of freezing.
 10454 | Lair:2   | Reached XP level 12. HP: 81/110 MP: 11/11
 10497 | Lair:2   | 10497 ||| Stepping ~*~*~tactically~*~*~ (stealth).
 10504 | Lair:2   | 10504 ||| FLEEEEING.
 10505 | Lair:2   | 10505 ||| FLEEEEING.
 10507 | Lair:2   | 10507 ||| INVOKING Berserk.
 10646 | Lair:2   | 10646 ||| Stepping ~*~*~tactically~*~*~ (stealth).
 10647 | Lair:2   | 10647 ||| Stepping ~*~*~tactically~*~*~ (stealth).
 10648 | Lair:2   | 10648 ||| Stepping ~*~*~tactically~*~*~ (stealth).
 10649 | Lair:2   | 10649 ||| Stepping ~*~*~tactically~*~*~ (stealth).
 10747 | Lair:2   | 10747 ||| READING scroll of enchant armour.
 10747 | Lair:2   | 10747 ||| ENCHANTING +1 pair of gloves.
 10887 | Lair:2   | 10887 ||| INVOKING Berserk.
 11201 | Lair:2   | Found a staircase to the Swamp.
 11296 | Lair:2   | 11296 ||| UPGRADING to +0 pearl dragon scales.
 11306 | Lair:2   | 11306 ||| DROPPING +0 plate armour.
 11340 | Lair:3   | 11340 ||| INVOKING Berserk.
 11647 | Lair:3   | 11647 ||| Stepping ~*~*~tactically~*~*~ (stealth).
 11737 | Lair:3   | 11737 ||| Stepping ~*~*~tactically~*~*~ (stealth).
 11966 | Lair:3   | Found a staircase to the Snake Pit.
 11993 | Lair:3   | Reached skill level 12 in Fighting
 11999 | Lair:3   | Noticed Josephine
 12000 | Lair:3   | 12000 ||| INVOKING Berserk.
 12012 | Lair:3   | Reached skill level 6 in Dodging
 12017 | Lair:3   | Killed Josephine
 12251 | Lair:3   | 12251 ||| Stepping ~*~*~tactically~*~*~ (stealth).
 12458 | Lair:3   | 12458 ||| DRINKING potion of cancellation.
 12720 | Lair:3   | 12720 ||| INVOKING Berserk.
 12862 | Lair:3   | 12862 ||| READING scroll labelled NOM ZUEP ZITO.
 12863 | Lair:3   | 12863 ||| READING 3 scrolls of identify.
 12863 | Lair:3   | 12863 ||| IDENTIFYING metallic coppery potion
 12864 | Lair:3   | 12864 ||| READING 2 scrolls of identify.
 12864 | Lair:3   | 12864 ||| IDENTIFYING green potion
 12865 | Lair:3   | 12865 ||| DROPPING potion of magic.
 12866 | Lair:3   | 12866 ||| DROPPING potion of ambrosia.
 12923 | Lair:4   | Found a staircase to the Slime Pits.
 12924 | Lair:4   | 12924 ||| STAIRDANCE
 12953 | Lair:4   | Found a viscous altar of Jiyva.
 13017 | Lair:4   | Reached skill level 12 in Armour
 13028 | Lair:4   | 13028 ||| READING scroll of enchant armour.
 13028 | Lair:4   | 13028 ||| ENCHANTING +0 pearl dragon scales.
 13043 | Lair:4   | 13043 ||| INVOKING Berserk.
 13174 | Lair:4   | Noticed a death yak
 13175 | Lair:4   | 13175 ||| Stepping ~*~*~tactically~*~*~ (stealth).
 13180 | Lair:4   | 13180 ||| INVOKING Berserk.
 13180 | Lair:4   | Noticed a death yak
 13185 | Lair:4   | Noticed a death yak
 13185 | Lair:4   | Noticed a death yak
 13186 | Lair:4   | Killed a death yak
 13197 | Lair:4   | Killed a death yak
 13202 | Lair:4   | Killed a death yak
 13203 | Lair:4   | Reached skill level 9 in Shields
 13206 | Lair:4   | HP: 17/115 [death yak (13)]
 13207 | Lair:4   | 13207 ||| READING 5 scrolls of teleportation.
 13208 | Lair:4   | 13208 ||| DRINKING potion of heal wounds.
 13215 | Lair:4   | HP: 20/115 [elephant (10)]
 13216 | Lair:4   | Reached XP level 13. HP: 17/122 MP: 12/12
 13216 | Lair:4   | 13216 ||| READING 4 scrolls of teleportation.
 13240 | Lair:4   | 13240 ||| READING 3 scrolls of teleportation.
 13241 | Lair:4   | 13241 ||| INVOKING Berserk.
 13551 | Lair:4   | 13551 ||| Stepping ~*~*~tactically~*~*~ (stealth).
 13559 | Lair:4   | 13559 ||| Stepping ~*~*~tactically~*~*~ (stealth).
 13749 | Lair:4   | 13749 ||| INVOKING Berserk.
 14105 | Lair:4   | Found the +8 demon blade "Leech" {vamp, Harm Drain rN+}
 14277 | Lair:4   | 14277 ||| DROPPING scarf of harm.
 14278 | Lair:4   | 14278 ||| READING scroll labelled ULUJIE LISOENO.
 14279 | Lair:4   | 14279 ||| READING 2 scrolls of teleportation.
 14320 | Lair:5   | Entered Level 5 of the Lair of Beasts
 14324 | Lair:5   | 14324 ||| STAIRDANCE
 14332 | Lair:5   | 14332 ||| STAIRDANCE
 14334 | Lair:4   | 14334 ||| INVOKING Berserk.
 14382 | Lair:5   | 14382 ||| STAIRDANCE
 14384 | Lair:4   | 14384 ||| INVOKING Berserk.
 14444 | Lair:5   | 14444 ||| INVOKING Berserk.
 14456 | Lair:5   | 14456 ||| FLEEEEING.
 14458 | Lair:5   | 14458 ||| FLEEEEING.
 14459 | Lair:5   | 14459 ||| STAIRDANCE
 14567 | Lair:5   | 14567 ||| INVOKING Berserk.
 14573 | Lair:5   | 14573 ||| STAIRDANCE
 14861 | Lair:5   | 14861 ||| Stepping ~*~*~tactically~*~*~ (stealth).
 14876 | Lair:5   | Reached skill level 15 in Fighting
 14913 | Lair:5   | 14913 ||| Stepping ~*~*~tactically~*~*~ (stealth).
 14960 | Lair:5   | 14960 ||| INVOKING Berserk.
 14978 | Lair:5   | 14978 ||| Stepping ~*~*~tactically~*~*~ (hiding).
 14986 | Lair:5   | 14986 ||| Stepping ~*~*~tactically~*~*~ (cloud).
 14987 | Lair:5   | 14987 ||| Stepping ~*~*~tactically~*~*~ (cloud).
 14988 | Lair:5   | 14988 ||| Stepping ~*~*~tactically~*~*~ (cloud).
 14988 | Lair:5   | Noticed a dire elephant
 14990 | Lair:5   | 14990 ||| Stepping ~*~*~tactically~*~*~ (cloud).
 14993 | Lair:5   | HP: 29/126 [catoblepas/blast of calcifying dust (3)]
 14994 | Lair:5   | 14994 ||| READING scroll of teleportation.
 14994 | Lair:5   | HP: 14/126 [deep troll shaman (10)]
 14995 | Lair:5   | 14995 ||| Stepping ~*~*~tactically~*~*~ (cloud).
 14995 | Lair:5   | HP: 5/126 [deep troll shaman (4)]
 14995 | Lair:5   | Mangled by a dire elephant

Levels and vault maps discovered:
D:1:      matt_arrival_spirals, layout_rooms, chequers_ecumenical_altar_lobes
D:2:      layout_rooms, uniq_terence, uniq_robin
D:3:      layout_loops_corners, nicolae_dithmenos_the_darkroom
D:4:      layout_loops_ring, lemuel_round_altar, uniq_crazy_yiuf_cottage
D:5:      layout_basic, minmay_temple_entry_tees, grunt_decor_mini_mirrors,
          cheibrodos_gnoll_hut
D:6:      minmay_evil_eye, layout_loops_ring, minmay_misc_feat_plants,
          uniq_duvessa
D:7:      layout_basic, nicolae_gozag_cash_rules_everything_around_me,
          lemuel_doored_altar
D:8:      layout_basic, david_lair_generic, serial_shops,
          nicolae_inconvenience_store, uniq_prince_ribbit1, uniq_pikel
Lair:1:   layout_chaotic_city, beast_lair_carwin_9, grunt_megastairs_3
Lair:2:   layout_loops_ring, palyth_hydra_swamp_entry,
          nicolae_volcano_entry_hallway, lemuel_fruit_fields,
          infiniplex_staircase_pool_2
Lair:3:   layout_layer_cave, minmay_snake_entry_six_corridors,
          grunt_forest_large_clearing_hut, serial_bayou_shore_a, uniq_josephine
Lair:4:   layout_roguey, dpeg_slime_entry_corner, lemuel_fruit_tree,
          grunt_megastairs_4
Lair:5:   grunt_lair_end_beastmaster, layout_cave_pods,
          ebering_ghost_rock_garden, kennysheep_basilisk_garden,
          grunt_megastairs_2

Skill      XL: |  1  2  3  4  5  6  7  8  9 10 11 12 13 |
---------------+----------------------------------------+-----
Axes           | 4 5 6 7 9 10 12 13 15 16 | 16.0
Throwing       | 1 2 3 |  3.1
Fighting       | 4 5 6 8 9 11 13 15 | 15.0
Armour         | 3 4 5 7 8 10 12 13 | 13.0
Shields        | 2 5 7 9 |  9.7
Dodging        | 3 4 7 8 |  8.1

Action                   |  1- 3 |  4- 6 |  7- 9 | 10-12 | 13-15 || total
-------------------------+-------+-------+-------+-------+-------++-------
Melee: Hand axe          |    63 |   115 |   231 |       |       ||   409
       Headbutt          |     6 |    11 |    44 |    72 |    41 ||   174
       Punch             |       |     1 |     3 |       |       ||     4
       War axe           |       |       |    16 |   364 |   135 ||   515
       Morningstar       |       |       |       |     3 |       ||     3
Throw: Javelin           |       |    27 |    20 |     1 |       ||    48
       Boomerang         |       |     5 |    18 |    27 |       ||    50
Invok: Berserk           |     2 |     3 |     8 |    20 |     7 ||    40
       Brothers in Arms  |       |       |       |     2 |       ||     2
  Use: Scroll            |     3 |     9 |     7 |     8 |     5 ||    32
       Potion            |     2 |     2 |     2 |     3 |       ||     9
Armor: Animal skin       |     3 |       |       |       |       ||     3
       Leather armour    |     7 |     5 |       |       |       ||    12
       Chain mail        |       |    28 |   125 |     7 |       ||   160
       Plate armour      |       |       |       |    85 |       ||    85
       Pearl dragon scal |       |       |       |    68 |    67 ||   135
Dodge: Dodged            |    35 |    53 |    67 |   100 |    50 ||   305
Block: Buckler           |       |       |    18 |   106 |    63 ||   187

Table legend:
 A = Non-vault XP
 B = Vault XP
 C = Vault XP percentage of total XP
 D = Non-vault monster count
 E = Vault monster count
 F = Vault count percentage of total count
                 A         B        C        D         E       F
            +---------+---------+-------+---------+---------+-------
      Total |   30047 |   24100 |  44.5 |     227 |      87 |  27.7
            +---------+---------+-------+---------+---------+-------
        D:1 |      24 |       0 |   0.0 |      15 |       0 |   0.0
        D:2 |      55 |      75 |  57.7 |      21 |      14 |  40.0
        D:3 |      47 |       0 |   0.0 |      13 |       0 |   0.0
        D:4 |     136 |       0 |   0.0 |      13 |       0 |   0.0
        D:5 |     947 |      99 |   9.5 |      15 |       3 |  16.7
        D:6 |    1055 |     318 |  23.2 |      27 |       6 |  18.2
        D:7 |     981 |       0 |   0.0 |      12 |       0 |   0.0
        D:8 |    1227 |    1598 |  56.6 |      23 |       6 |  20.7
     Lair:1 |    6464 |    3335 |  34.0 |      29 |      12 |  29.3
     Lair:2 |    3963 |    2332 |  37.0 |      13 |       5 |  27.8
     Lair:3 |    4593 |    5135 |  52.8 |      19 |      18 |  48.6
     Lair:4 |    8523 |    4839 |  36.2 |      21 |       9 |  30.0
     Lair:5 |    2032 |    6369 |  75.8 |       6 |      14 |  70.0
            +---------+---------+-------+---------+---------+-------
